Map: World of Sleepers LE

Players

SortOf

  • Race: Zerg Zerg
  • Spawn Location: 7:00

Zanster - Winner!

  • Race: Zerg Zerg
  • Spawn Location: 1:00

VOD

Have the link to the VOD?

Description

Time

  • Played on: Sept. 6, 2019, 1:26 p.m.
  • Length: 13:24
Show
View Real Time Build Order
Export as new Build Order

SortOf Zerg 

Build Orders: Hatch First 

Get SALT Encoding   

  12  0:00  Drone  
  13  0:12  Overlord  
  13  0:16  Drone  
  14  0:31  Drone x2  
  16  0:49  Hatchery  
  15  0:51  Drone  
  15  0:55  Drone  
  17  0:57  Drone  
  18  1:09  Extractor  
  17  1:13  Spawning Pool  
  17  1:17  Drone  
  17  1:21  Drone  
  18  1:28  Drone  
  19  1:38  Drone  
  20  1:49  Overlord  
  20  2:00  Queen  
  20  2:01  Queen  
  24  2:02  Drone x2  
  26  2:10  Metabolic Boost  
  26  2:11  Drone  
  26  2:12  Drone  
  28  2:25  Drone x2  
  30  2:35  Hatchery  
  29  2:37  Zergling x2  
  29  2:38  Zergling x2  
  31  2:45  Baneling Nest  
  31  2:49  Overlord  
  30  2:53  Drone  
  30  2:55  Drone x2  
  33  3:04  Drone  
  34  3:09  Zergling x2  
  34  3:10  Drone x4  
  39  3:15  Zergling x4  
  39  3:19  Drone x2  
  43  3:28  Overlord x2  
  43  3:31  Baneling x2  
  43  3:34  Extractor  
  43  3:38  Baneling x3  
  43  3:40  Zergling x4  
  44  3:44  Roach Warren  
  44  3:45  Zergling x2  
  44  3:46  Zergling x2  
  45  3:50  Zergling x4  
  46  3:57  Zergling x8  
  50  4:08  Overlord  
  50  4:09  Drone  
  50  4:13  Overlord  
  50  4:14  Overlord  
  50  4:15  Zergling x2  
  49  4:25  Baneling  
  49  4:30  Roach x6  
  59  4:40  Roach x3  
  64  4:46  Roach  
  64  4:47  Roach  
  64  4:51  Zergling x6  
  71  4:53  Zergling x2  
  71  5:02  Zergling x8  
  71  5:05  Zergling x2  
  72  5:12  Ravager  
  73  5:15  Zergling x6  
  73  5:17  Baneling  
  73  5:18  Baneling  
  73  5:19  Zergling x8  
  80  5:25  Baneling x3  
  80  5:27  Zergling x2  
  81  5:32  Zergling x2  
  81  5:39  Zergling x4  
  81  5:40  Zergling x2  
  75  5:44  Zergling x6  
  75  5:46  Zergling x8  
  77  5:52  Zergling x4  
  77  5:53  Zergling x4  
  77  5:56  Zergling x4  
  76  6:02  Zergling x2  
  68  6:08  Drone x2  
  68  6:09  Queen  
  69  6:15  Drone x4  
  69  6:24  Drone  
  65  6:28  Drone x3  
  65  6:29  Drone x2  
  61  6:39  Unknown, Roach  
  61  6:41  Roach x2  
  62  6:49  Roach x2  
  62  6:52  Roach  
  68  7:00  Overlord x2, Roach x2  
  72  7:01  Roach  
  72  7:02  Roach  
  72  7:03  Overlord  
  72  7:05  Roach  
  72  7:06  Roach  
  80  7:12  Roach  
  82  7:16  Baneling  
  82  7:17  Baneling  
  82  7:20  Ravager x3  
  82  7:21  Roach  
  82  7:22  Roach x2  
  91  7:25  Roach  
  91  7:26  Roach  
  91  7:28  Roach  
  97  7:31  Roach  
  97  7:34  Roach  
  101  7:38  Roach  
  101  7:40  Overlord  
  101  7:42  Roach  
  105  7:53  Overlord  
  105  7:54  Overlord  
  105  7:59  Overlord  
  105  8:00  Zergling x14  
  112  8:06  Ravager x2  
  112  8:09  Overlord  
  112  8:12  Zergling x10  
  119  8:17  Ravager x3  
  122  8:21  Zergling x2  
  122  8:22  Zergling x6  
  126  8:28  Zergling x6  
  126  8:29  Zergling x4  
  126  8:30  Zergling x2  
  125  8:41  Zergling x2  
  125  8:42  Zergling x2  
  125  8:45  Zergling x2  
  125  8:47  Zergling x8  
  113  8:54  Zergling x2  
  113  8:55  Zergling x6  
  99  8:59  Zergling x4  
  99  9:00  Zergling x4  
  94  9:03  Zergling x8  
  94  9:09  Lair  
  90  9:11  Evolution Chamber, Roach  
  90  9:12  Roach  
  90  9:15  Roach  
  88  9:20  Roach  
  87  9:27  Roach  
  87  9:28  Roach x5  
  99  9:33  Roach x2  
  99  9:35  Roach  
  99  9:37  Baneling x4  
  103  9:41  Roach  
  103  9:44  Roach  
  103  9:45  Ravager x2  
  108  9:48  Roach x2  
  108  9:52  Roach x2  
  116  9:54  Ravager x3  
  116  9:56  Roach  
  116  9:58  Roach  
  122  10:03  Roach x2  
  122  10:05  Roach  
  127  10:07  Roach  
  127  10:13  Overlord  
  129  10:15  Zergling x6  
  129  10:16  Zergling x2  
  129  10:18  Zergling x2  
  134  10:24  Zergling x8  
  138  10:28  Overlord  
  138  10:34  Overlord  
  138  10:35  Zergling x6  
  138  10:42  Zergling x8  
  139  10:51  Zergling x14  
  139  10:54  Zergling x2  
  125  10:59  Zergling x4  
  125  11:02  Roach  
  104  11:04  Roach  
  104  11:09  Roach  
  101  11:11  Glial Reconstitution  
  101  11:12  Zerg Missile Weapons Level 1  
  101  11:14  Roach  
  103  11:26  Roach x5  
  103  11:32  Ravager x4  
  117  11:34  Roach  
  118  11:40  Roach x4  
  123  11:52  Roach x4  
  126  12:00  Roach x4  
  131  12:06  Zergling x2, Roach x2  
  131  12:07  Zergling x2  
  133  12:14  Roach x3  
  137  12:24  Roach x2  
  137  12:25  Overlord  
  138  12:30  Overlord  
  138  12:36  Roach x3  
  144  12:42  Overlord  
  144  12:44  Roach  
  144  12:45  Roach x3  
  144  12:47  Ravager  
  145  13:01  Roach x5  
Show
View Real Time Build Order
Export as new Build Order

Zanster Zerg - Winner!

Build Orders: Hatch First 

Get SALT Encoding   

  12  0:00  Drone  
  13  0:12  Overlord  
  13  0:16  Drone  
  14  0:30  Drone x2  
  16  0:47  Hatchery  
  15  0:50  Drone  
  15  0:54  Drone  
  17  1:00  Drone  
  18  1:08  Extractor  
  17  1:14  Spawning Pool  
  17  1:15  Drone  
  17  1:19  Drone  
  18  1:28  Drone  
  19  1:42  Drone  
  20  1:50  Drone  
  21  1:59  Overlord  
  21  2:00  Queen x2  
  25  2:03  Drone  
  26  2:09  Metabolic Boost  
  26  2:11  Drone x2  
  28  2:21  Drone  
  28  2:22  Drone  
  30  2:33  Hatchery  
  30  2:37  Drone x2  
  31  2:46  Baneling Nest  
  31  2:47  Overlord  
  31  2:49  Drone  
  31  2:57  Drone x2  
  33  3:09  Zergling x14  
  33  3:11  Zergling x2  
  41  3:17  Queen  
  43  3:21  Overlord  
  43  3:23  Zergling x2  
  44  3:40  Drone x8  
  52  3:47  Drone  
  53  3:52  Baneling x2  
  53  3:53  Drone x4  
  53  3:54  Unknown  
  56  3:56  Drone  
  56  4:01  Roach Warren  
  56  4:07  Drone  
  56  4:08  Drone  
  56  4:09  Drone  
  55  4:11  Drone  
  55  4:15  Overlord  
  56  4:23  Overlord  
  54  4:35  Overlord  
  54  4:36  Overlord  
  53  4:41  Roach x8  
  53  4:42  Roach  
  53  4:45  Roach  
  73  4:49  Baneling x2  
  73  4:52  Overlord  
  72  4:58  Roach  
  72  4:59  Roach x4  
  82  5:12  Zergling x16  
  90  5:18  Overlord  
  90  5:22  Evolution Chamber  
  89  5:28  Drone x3  
  89  5:34  Overlord  
  87  5:37  Roach x4  
  88  5:48  Roach x5  
  90  5:54  Roach x2  
  90  5:56  Roach  
  88  6:02  Roach x2  
  84  6:06  Queen x2  
  86  6:14  Zergling x2, Roach x3  
  86  6:16  Zergling x2  
  82  6:26  Roach x3  
  78  6:33  Roach x2  
  78  6:36  Drone  
  78  6:38  Extractor  
  80  6:44  Zerg Missile Weapons Level 1  
  80  6:46  Drone x3  
  81  6:51  Drone  
  81  6:53  Drone  
  83  6:54  Hatchery  
  83  6:55  Lair  
  83  6:57  Extractor  
  83  7:00  Drone x2  
  82  7:05  Overlord  
  82  7:10  Drone x4  
  82  7:15  Overlord  
  86  7:16  Roach x3  
  86  7:17  Roach  
  86  7:19  Overlord  
  94  7:25  Roach  
  94  7:28  Roach x3  
  94  7:29  Roach  
  104  7:33  Overlord  
  104  7:39  Roach x4  
  104  7:41  Roach  
  104  7:43  Roach  
  116  7:50  Overlord  
  114  7:52  Drone x4  
  114  7:53  Drone  
  119  8:01  Glial Reconstitution  
  119  8:05  Overlord  
  119  8:09  Spire  
  119  8:10  Drone x3, Extractor  
  120  8:15  Roach x4  
  120  8:19  Overseer  
  128  8:21  Roach x2  
  128  8:23  Roach  
  128  8:24  Roach  
  128  8:26  Overlord  
  136  8:28  Ravager  
  136  8:29  Ravager  
  138  8:36  Roach x4  
  140  8:43  Roach x4  
  116  8:48  Roach  
  116  8:49  Roach  
  116  8:53  Roach x2  
  119  8:55  Roach  
  119  9:00  Roach x3  
  97  9:11  Roach  
  97  9:12  Roach x6  
  97  9:15  Zerg Missile Weapons Level 2  
  109  9:18  Roach  
  109  9:29  Roach x4  
  117  9:34  Drone x3  
  117  9:35  Drone  
  120  9:41  Drone x3  
  123  9:47  Queen  
  123  9:52  Roach x3  
  131  9:53  Roach  
  131  9:55  Drone  
  131  9:59  Overlord  
  134  10:04  Ravager  
  134  10:06  Drone  
  136  10:07  Roach x4  
  136  10:10  Overlord  
  136  10:14  Drone x3  
  147  10:15  Drone  
  147  10:19  Roach x3  
  154  10:21  Roach  
  154  10:25  Ravager x4  
  160  10:33  Roach x4  
  160  10:34  Overlord  
  168  10:38  Overlord  
  168  10:39  Overlord  
  166  10:56  Roach x10  
  152  11:04  Roach x6  
  152  11:09  Roach x3  
  152  11:10  Ravager  
  165  11:13  Roach x2  
  165  11:15  Roach  
  165  11:16  Roach  
  173  11:27  Roach  
  173  11:28  Roach x4  
  183  11:34  Overlord  
  183  11:44  Roach x5  
  191  11:48  Overlord  
  191  11:49  Hatchery  
  179  12:04  Roach x7  
  179  12:05  Overlord  
  190  12:23  Roach x5  
  200  12:31  Overlord, Overseer  
  200  12:39  Extractor  
  199  12:50  Hatchery, Ravager  
Tags
 
Add a new tag
Caveats
  • Supply blocks, unpowered buildings, or Contaminate may cause inaccurate times.
  • Supply counts are checked every 10 seconds.